 Dungeon Crawl Stone Soup version 0.24.0-124-g2791043dd8 (webtiles) character file.

Game seed: 10841912139008313649, levelgen mode: deterministic

13222 manon the Markscentaur (level 11, -6/102 HPs)
             Began as a Centaur Hunter on Feb 15, 2020.
             Was an Initiate of Gozag.
             Mangled by a cyan ugly thing (11 damage)
             ... in a volcano.
             The game lasted 01:25:27 (16062 turns).

manon the Markscentaur (Centaur Hunter)            Turns: 16062, Time: 01:25:28

Health: -6/102     AC: 12    Str: 18    XL:     11   Next: 72%
Magic:  0/11       EV:  8    Int: 11    God:    Gozag
Gold:   1394       SH:  0    Dex:  4    Spells: 10/10 levels left

rFire    + + .     SeeInvis +   a - +1 shortbow (velocity)
rCold    + . .     Gourm    .   (shield currently unavailable)
rNeg     . . .     Faith    .   E - +5 ring mail of Foolhardiness {rC+ Dex-5 SInv}
rPois    .         Spirit   +   s - +1 hat {MR+}
rElec    .         Reflect  .   x - +0 cloak
rCorr    .         Harm     .   (no gloves)
MR       +....                  (no barding)
Stlth    ..........             B - amulet of guardian spirit
HPRegen  0.27/turn              g - ring of protection from fire
MPRegen  0.12/turn              A - ring of protection from fire

@: gold aura, very quick
A: large, hooves 3, deformed body, speed 2, tough skin 3
a: Potion Petition, Call Merchant, Bribe Branch, Renounce Religion


You were in a volcano.
You worshipped Gozag.
Gozag was most pleased with you.
You were not hungry.

You visited 2 branches of the dungeon, and saw 12 of its levels.
You also visited: Bailey and Volcano.

You collected 2256 gold pieces.
You spent 288 gold pieces at shops.
You paid 574 gold pieces to Gozag.

Inventory:

Hand Weapons
 a - a +1 shortbow of velocity (weapon)
 b - a +2 short sword of venom
 n - a +1 vampiric spear
 H - a +2 trident of flaming
 J - a +0 long sword
Missiles
 d - 36 arrows (quivered)
 l - 7 curare-tipped darts
 v - 7 poisoned darts
 Q - 42 boomerangs
 U - a throwing net
 Y - 5 javelins
Armour
 s - a +1 hat of magic resistance (worn)
 x - a +0 cloak (worn)
 y - a +1 helmet
 E - the +5 ring mail of Foolhardiness (worn) {rC+ Dex-5 SInv}
   (You found it on level 5 of the Dungeon)

   It affects your dexterity (-5).
   It protects you from cold.
   It lets you see invisible.
 Z - a +0 plate armour
Magical Staves
 u - an uncursed staff of wizardry {unknown}
Jewellery
 c - an uncursed ring of resist corrosion
 g - a ring of protection from fire (left hand)
 k - a +2 amulet of reflection
 A - a ring of protection from fire (right hand)
 B - an amulet of guardian spirit (around neck)
 I - an uncursed ring of see invisible
Wands
 O - a wand of random effects (26)
 T - a wand of polymorph (11)
 V - a wand of acid (9)
 W - a wand of flame (18)
Scrolls
 e - 4 scrolls of amnesia
 h - 2 scrolls of identify
 j - 4 scrolls of blinking
 m - 4 scrolls of teleportation
 r - 3 scrolls of immolation
 t - 3 scrolls of remove curse
 w - a scroll of random uselessness {unknown}
 D - a scroll of fog {unknown}
 L - a scroll of enchant armour {unknown}
 M - 2 scrolls of enchant weapon
 X - 2 scrolls of vulnerability {unknown}
Potions
 i - 3 potions of curing
 o - 3 potions of agility
 p - a potion of haste {unknown}
 q - a potion of lignification {unknown}
 z - 3 potions of degeneration {unknown}
 C - a potion of mutation {unknown}
 F - a potion of invisibility {unknown}
 G - 2 potions of flight
 K - a potion of resistance {unknown}
 S - 2 potions of might {unknown}
Miscellaneous
 R - a fan of gales
Comestibles
 f - 11 rations


   Skills:
 + Level 11.4 Fighting
 - Level 5.3 Short Blades
 + Level 17.5 Bows
 - Level 1.3 Dodging
 - Level 0.4 Stealth


You had 10 spell levels left.
You didn't know any spells.
Your spell library contained the following spells:

 Spells                   Type           Power        Failure   Level  Hunger
 Flame Tongue             Conj/Fire      #....        54%         1    ##.....
 Magic Dart               Conj           #...         54%         1    ##.....
 Blink                    Tloc           N/A          67%         2    ###....
 Call Imp                 Summ           #.......     67%         2    ###....
 Slow                     Hex            #.......     67%         2    ###....
 Throw Flame              Conj/Fire      #.....       67%         2    ###....
 Conjure Flame            Conj/Fire      #.......     88%         3    ####...
 Inner Flame              Hex/Fire       #.......     88%         3    ####...
 Mephitic Cloud           Conj/Pois/Air  #.......     88%         3    ####...
 Sticky Flame             Conj/Fire      #.......     99%         4    #####..
 Fireball                 Conj/Fire      #.........   100%        5    ######.


Dungeon Overview and Level Annotations

Branches:
Dungeon (9/15)             Temple (0/1) D:7            Lair (3/6) D:9
 Bailey (visited)         Volcano (1/1)
  Swamp: Lair:2-4    Shoals: Lair:2-4     Snake: Lair:2-4    Spider: Lair:2-4
    Orc: D:9-12

Altars:
Ashenzari
Cheibriados
Dithmenos
Elyvilon
Fedhas
Gozag
Qazlal
Ru
Sif Muna
Trog
Xom
The Shining One

Shops:
D:6 (


Innate Abilities, Weirdness & Mutations

You have hooves in place of feet.
Armour fits poorly on your strangely shaped body.
You cover ground very quickly.
You have extremely tough skin. (AC +3)


Message History

The cyan ugly thing is almost dead.
The cyan ugly thing trunk-slaps you!
* * * LOW HITPOINT WARNING * * *
The cyan ugly thing shocks you!
* * * LOW HITPOINT WARNING * * *
You feel better. The cyan ugly thing barely misses you.
You feel better. The cyan ugly thing trunk-slaps you.
* * * LOW HITPOINT WARNING * * *
The cyan ugly thing shocks you!
* * * LOW HITPOINT WARNING * * *
Evoke which item? (* to show all) (? for menu, Esc to quit)
Aiming: Corrosive Bolt
Press: ? - help, Shift-Dir - straight line, f/p - cyan ugly thing
Aim: a cyan ugly thing (almost dead, covered in acid)
The bolt of acid misses the cyan ugly thing.
The cyan ugly thing trunk-slaps you!
* * * LOW HITPOINT WARNING * * *
The cyan ugly thing shocks you!
You die...
Your body crumbles into a pile of gold.

#u###.§§≈≈≈≈§≈≈...
##.###.§S§≈§≈§≈§≈..
#u##.#.§§§§§§≈≈≈≈u.
###.#..##.≈≈§§≈§§≈§§§
#..##..∩#.≈≈§≈≈§§≈≈§§
#$##∩..##.≈≈§§≈≈≈≈§§≈
#.$##.##..≈≈≈§≈§§≈≈≈≈
###u#.##..≈≈≈≈≈≈≈≈≈≈≈
##@##..≈≈≈≈≈≈≈≈≈≈≈≈
###..≈≈≈≈§≈§§≈≈≈§§
#...≈≈≈§§§§≈≈≈≈§§
###...≈≈§§§§§≈§≈§≈≈
#......§§§§§≈§≈§≈§§
#.......§§§§§≈≈≈≈≈≈
##..#.....§§§≈≈≈≈≈§
#####.....§§§≈≈≈≈§
###....§§§≈≈≈§


You could see a cyan ugly thing.

Vanquished Creatures
  Gastronok (Lair:1)
  Erica (Lair:1)
  Pikel (D:5)
  An ugly thing (Volcano)
  A spiny frog (Lair:1)
  2 komodo dragons
  A red devil (Volcano)
  A merfolk (D:9)
  Grinder (D:4)
  2 hippogriffs
  Sigmund (D:3)
  6 yaks
  Grum (Lair:1)
  11 fire bats
  Menkaure (D:4)
  2 water moccasins (Lair:2)
  5 orc warriors
  3 porcupines
  A slave (D:5)
  A sky beast (D:9)
  2 phantoms
  A black bear (Lair:2)
  2 ice beasts
  A necrophage (D:6)
  2 wolves (Lair:1)
  6 ogres
  2 centaurs
  A crocodile (Lair:2)
  7 bullfrogs
  16 killer bees
  3 wights (D:8)
  4 howler monkeys
  2 crimson imps
  A jelly (D:7)
  6 lava snakes (Volcano)
  A bullfrog zombie (D:5)
  9 hounds
  A centaur zombie (D:7)
  4 orc priests
  A gnoll shaman (D:5)
  5 orc wizards
  A bullfrog skeleton (D:6)
  3 iguanas
  9 worker ants
  2 hound skeletons (D:8)
  Robin (D:3)
  11 adders
  6 gnolls
  2 shadow imps (D:5)
  2 oozes
  2 adder skeletons (D:7)
  2 worms
  A dart slug (D:1)
  6 leopard geckos
  13 orcs
  6 giant cockroaches
  21 goblins
  12 hobgoblins
  11 jackals
  19 kobolds
  6 quokkas
  A ball python (D:1)
  6 bats
  4 frilled lizards
  A jackal skeleton (D:5)
  A leopard gecko zombie (D:5)
  2 quokka skeletons
  A quokka zombie (D:6)
  7 rats
280 creatures vanquished.

Vanquished Creatures (others)
  An orc priest (D:5)
  An adder skeleton (D:5)
  3 orcs (D:5)
  2 kobolds (Bailey)
  3 plants
10 creatures vanquished.

Grand Total: 290 creatures vanquished

Notes
Turn   | Place    | Note
-------+----------+-------------------------------------------
     0 | D:1      | manon the Centaur Hunter began the quest for the Orb.
     0 | D:1      | Reached XP level 1. HP: 17/17 MP: 1/1
   101 | D:1      | Reached XP level 2. HP: 24/24 MP: 2/2
   105 | D:1      | Reached skill level 6 in Bows
   480 | D:1      | Reached XP level 3. HP: 18/29 MP: 3/3
   829 | D:2      | Found a snail-covered altar of Cheibriados.
  1256 | D:2      | Noticed an ogre
  1270 | D:2      | Killed an ogre
  1270 | D:2      | Reached skill level 8 in Bows
  1270 | D:2      | Reached XP level 4. HP: 36/36 MP: 4/4
  1646 | D:2      | Found an opulent altar of Gozag.
  1655 | D:2      | Became a worshipper of Gozag Ym Sagoz the Greedy
  1759 | D:3      | Reached XP level 5. HP: 21/41 MP: 5/5
  1978 | D:3      | Reached skill level 9 in Bows
  2654 | D:3      | Noticed Sigmund
  2670 | D:3      | Killed Sigmund
  2670 | D:3      | Reached skill level 10 in Bows
  2670 | D:3      | Reached XP level 6. HP: 36/48 MP: 6/6
  2882 | D:3      | Noticed Robin
  2940 | D:3      | Killed Robin
  3097 | D:3      | Found a blossoming altar of Fedhas.
  3660 | D:4      | Noticed Grinder
  3983 | D:4      | Paralysed by Grinder for 3 turns
  4059 | D:4      | Killed Grinder
  4059 | D:4      | Reached skill level 11 in Bows
  4059 | D:4      | Reached XP level 7. HP: 24/55 MP: 7/7
  4322 | D:4      | Reached skill level 12 in Bows
  4681 | D:4      | Noticed Menkaure
  4692 | D:4      | Killed Menkaure
  4809 | D:4      | Reached XP level 8. HP: 55/63 MP: 8/8
  4911 | D:4      | Found a glowing golden altar of the Shining One.
  5121 | D:5      | Entered Level 5 of the Dungeon
  5468 | D:5      | Noticed Pikel
  5496 | D:5      | Killed Pikel
  5496 | D:5      | Reached skill level 13 in Bows
  5662 | D:5      | Reached skill level 5 in Fighting
  5922 | D:5      | Got a distressingly furry ring mail
  5923 | D:5      | Identified the +5 ring mail of Foolhardiness {rC+ Dex-5
                  | SInv} (You found it on level 5 of the Dungeon)
  6100 | D:5      | Reached XP level 9. HP: 68/75 MP: 9/9
  6612 | D:6      | Reached skill level 14 in Bows
  6790 | D:6      | Bought a runed shortbow for 144 gold pieces
  7022 | D:6      | Found a shimmering blue altar of Sif Muna.
  7054 | D:6      | Bought a glowing short sword for 144 gold pieces
  7163 | D:6      | Found a shimmering altar of Xom.
  7167 | D:6      | Found a sacrificial altar of Ru.
  7167 | D:6      | Found a bloodstained altar of Trog.
  7321 | D:6      | Found a shattered altar of Ashenzari.
  7327 | D:6      | Saw a vision of the Shoals and the Snake Pit.
  7327 | D:6      | Noticed a black mamba
  7327 | D:6      | Noticed a merfolk
  7327 | D:6      | Noticed a merfolk siren
  7327 | D:6      | Noticed a naga mage
  7327 | D:6      | Noticed a merfolk siren
  7327 | D:6      | Noticed a sea snake
  7327 | D:6      | Noticed a naga mage
  7328 | D:6      | Noticed a merfolk
  7474 | D:7      | Reached skill level 1 in Short Blades
  7527 | D:7      | Found a staircase to the Ecumenical Temple.
  7804 | D:7      | Found a stormy altar of Qazlal.
  8698 | D:8      | Found a shadowy altar of Dithmenos.
  8982 | D:8      | Found a flagged portal.
  8993 | Bailey   | Entered a bailey
  9114 | Bailey   | Identified the +1 robe of the Garden {+Blink MR+ Int+4}
  9265 | Bailey   | Reached XP level 10. HP: 30/88 MP: 10/10
 10350 | D:9      | Reached skill level 15 in Bows
 11964 | D:9      | Found a white marble altar of Elyvilon.
 12143 | D:9      | Found a staircase to the Lair.
 12147 | Lair:1   | Entered Level 1 of the Lair of Beasts
 12381 | Lair:1   | Noticed Erica
 12401 | Lair:1   | Killed Erica
 12401 | Lair:1   | Reached skill level 5 in Short Blades
 12403 | Lair:1   | Noticed a spiny frog
 12412 | Lair:1   | Killed a spiny frog
 12584 | Lair:1   | Noticed Grum
 12599 | Lair:1   | Killed Grum
 12790 | Lair:1   | Noticed Gastronok
 12817 | Lair:1   | Killed Gastronok
 12817 | Lair:1   | Reached skill level 10 in Fighting
 12817 | Lair:1   | Reached skill level 16 in Bows
 12817 | Lair:1   | Reached XP level 11. HP: 72/99 MP: 11/11
 14631 | Lair:2   | Reached skill level 17 in Bows
 14795 | Lair:3   | Found a dark tunnel.
 14806 | Volcano  | Entered a volcano
 15937 | Volcano  | Noticed a red ugly thing
 15937 | Volcano  | Noticed a red ugly thing
 15938 | Volcano  | Noticed a hell knight
 16054 | Volcano  | Killed a cyan ugly thing
 16062 | Volcano  | HP: 5/102 [cyan ugly thing (8)]
 16062 | Volcano  | Mangled by a cyan ugly thing

Levels and vault maps discovered:
D:1:      psy_arrival_spokes, layout_rooms, minmay_tetromino_l4
D:2:      layout_loops_ring, lemuel_coloured_pillars_altar, cheibriados_altar_1
D:3:      layout_basic, marbit_many_paths, uniq_robin, uniq_sigmund
D:4:      layout_loops_ring, first_ration, tso_metal_star, uniq_grinder,
          uniq_menkaure
D:5:      minmay_bubble_buster, layout_basic, uniq_pikel
D:6:      layout_rooms, grunt_temple_overflow_open, grunt_ashenzari_visionary
          [grunt_ashenzari_visionary_shoals, grunt_ashenzari_visionary_snake]
D:7:      layout_basic, minmay_temple_entry_mist, basic_altar
D:8:      layout_basic, nicolae_dithmenos_through_a_glass_darkly,
          enter_bailey_6, uniq_psyche
D:9:      layout_basic, lair_entry_dummy, hangedman_fish_farm, elyvilon_altar_1
Lair:1:   layout_chaotic_city, gauntlet_entry_generic,
          infiniplex_staircase_pool, uniq_erica, uniq_gastronok, uniq_grum
Lair:2:   layout_hall_layers
Lair:3:   layout_regular_city, dummy_snake_entry, nicolae_volcano_entry_batcave,
          minivault_29
Volcano:  volcano_grotto [vgs_hot_hot_hot]

Skill      XL: |  1  2  3  4  5  6  7  8  9 10 11 |
---------------+----------------------------------+-----
Bows           | 6 8 10 11 12 13 14 16 17 | 17.5
Fighting       | 3 5 8 10 11 | 11.4
Short Blades   | 3 5 |  5.3
Dodging        | |  1.3
Stealth        | |  0.4

Action                   |  1- 3 |  4- 6 |  7- 9 | 10-12 || total
-------------------------+-------+-------+-------+-------++-------
Melee: Short sword       |    93 |   217 |   446 |   338 ||  1094
       Kick              |    16 |    44 |    88 |    34 ||   182
       Spear             |       |       |       |    34 ||    34
 Fire: Shortbow          |    13 |    43 |   167 |   154 ||   377
Throw: Dart              |       |       |    54 |    60 ||   114
       Boomerang         |       |       |       |     7 ||     7
       Javelin           |       |       |       |     8 ||     8
Invok: Potion Petition   |       |     1 |       |       ||     1
       Call Merchant     |       |       |     1 |       ||     1
Evoke: Wand              |       |       |       |     8 ||     8
       Fan of gales      |       |       |       |     1 ||     1
  Use: Scroll            |       |     7 |     4 |     5 ||    16
       Potion            |       |     3 |     3 |     6 ||    12
 Stab: Distracted        |       |       |       |     1 ||     1
       Confused          |       |       |       |     1 ||     1
  Eat: Chunk             |       |     1 |       |       ||     1
       Ration            |       |     2 |     5 |     5 ||    12
Armor: Scale mail        |    29 |       |       |       ||    29
       Leather armour    |     8 |       |       |       ||     8
       Ring mail         |     5 |       |   195 |   253 ||   453
       Chain mail        |    11 |   132 |    70 |       ||   213
Dodge: Dodged            |    37 |    51 |   172 |   181 ||   441
Block: Other             |       |     2 |    39 |    22 ||    63
       Reflection        |       |       |     6 |       ||     6
